Map: 2000 Atmospheres LE

Players

A.I. 1 (Medium) - Winner!

  • Race: Terran Terran

stalker

  • Race: Terran Terran

VOD

Have the link to the VOD?

Description

Time

  • Played on: May 26, 2021, 10:05 a.m.
  • Length: 18:00
Show
View Real Time Build Order
Export as new Build Order

A.I. 1 (Medium) Terran - Winner!

Build Orders:  

Get SALT Encoding   

  12  0:00  SCV  
  13  0:13  SCV  
  14  0:18  Supply Depot  
  14  0:25  SCV  
  15  0:40  SCV  
  16  0:43  Barracks  
  16  0:48  Refinery  
  16  0:52  SCV  
  18  1:04  SCV  
  18  1:16  Supply Depot  
  18  1:29  Marine  
  18  1:31  Barracks, Orbital Command  
  19  1:43  Refinery  
  19  1:49  Barracks Tech Lab  
  19  2:06  Marine  
  20  2:14  Supply Depot  
  20  2:18  Marine  
  21  2:29  Marine  
  22  2:41  Marine  
  23  2:44  Supply Depot  
  23  2:52  Marine  
  23  2:54  SCV  
  25  3:03  Marine  
  26  3:07  SCV  
  26  3:08  Engineering Bay  
  27  3:15  Marauder  
  27  3:19  SCV  
  30  3:26  Marine  
  31  3:31  SCV  
  32  3:38  Marauder  
  34  3:43  SCV  
  34  3:47  Supply Depot  
  35  3:49  Marine  
  35  3:55  SCV  
  37  4:01  Marauder  
  39  4:23  Marauder  
  41  6:25  Barracks Tech Lab, SCV  
  42  6:28  Factory  
  42  6:31  Command Center, Factory  
  42  6:33  Missile Turret  
  42  6:34  Supply Depot  
  42  6:37  Missile Turret  
  42  6:41  Sensor Tower  
  42  6:45  Barracks  
  42  7:00  Bunker  
  42  7:05  Marine  
  36  7:14  Starport, Factory Tech Lab  
  32  7:17  Marine  
  32  7:19  Armory, Factory Tech Lab  
  31  7:29  Marine  
  29  7:33  Barracks Reactor  
  30  7:42  Marine  
  30  7:44  SCV  
  32  7:47  SCV  
  31  7:52  Starport Tech Lab, Refinery  
  31  7:54  Missile Turret, Marine  
  31  7:56  SCV  
  31  7:57  Missile Turret  
  33  7:58  Refinery  
  33  7:59  SCV  
  34  8:06  Marine  
  34  8:08  SCV  
  34  8:11  SCV  
  34  8:12  Raven  
  37  8:18  Marine  
  37  8:19  Bunker  
  40  8:20  SCV  
  40  8:23  SCV  
  42  8:30  Marine  
  42  8:32  SCV  
  44  8:35  SCV  
  45  8:43  Marauder  
  45  8:44  SCV  
  45  8:47  SCV  
  49  8:55  Marauder, Raven  
  51  8:56  SCV  
  51  8:59  SCV  
  55  9:07  Siege Tank  
  55  9:08  SCV  
  59  9:11  SCV  
  60  9:19  Siege Tank  
  60  9:21  SCV  
  60  9:23  SCV  
  65  9:33  SCV  
  65  9:36  SCV  
  67  9:39  Cyclone  
  67  9:42  Supply Depot  
  67  9:45  SCV  
  71  9:48  SCV  
  72  11:05  Stimpack, Viking  
  72  11:06  Combat Shield  
  72  11:07  Terran Infantry Weapons Level 1  
  72  11:10  Starport  
  72  11:11  Supply Depot  
  74  11:13  Widow Mine  
  74  11:15  Ghost Academy, Command Center  
  76  11:18  Fusion Core  
  76  11:20  Engineering Bay  
  76  11:21  Marauder  
  76  11:25  Armory  
  78  11:29  Marauder  
  73  11:35  Medivac  
  73  11:37  Marine, Supply Depot  
  72  11:45  Starport Tech Lab, Marine  
  72  11:46  Terran Infantry Armor Level 1  
  69  11:53  Marine  
  67  12:01  Siege Tank  
  67  12:02  Supply Depot  
  67  12:03  Medivac  
  67  12:05  Raven  
  71  12:08  Marine  
  72  12:17  Widow Mine  
  74  12:24  Concussive Shells, Marine  
  74  12:29  SCV  
  76  12:32  Marine, SCV  
  76  12:35  SCV  
  76  12:36  Refinery  
  79  12:40  Marine  
  79  12:41  Missile Turret, SCV  
  79  12:42  Missile Turret  
  79  12:44  SCV, Refinery  
  82  12:47  SCV  
  82  12:48  Marine  
  84  12:53  SCV  
  84  12:56  Marauder  
  87  13:01  Bunker  
  87  13:06  Marauder  
  87  13:11  Siege Tank  
  92  13:19  Siege Tank  
  95  13:27  Ghost  
  97  13:35  Viking  
  99  15:22  Marine  
  95  15:30  Marine  
  96  15:41  Marauder  
  98  15:46  Marine  
  98  15:48  Terran Vehicle Weapons Level 1, Terran Ship Weapons Level 1  
  99  15:50  Supply Depot  
  99  15:52  Hellion  
  99  15:56  Siege Tank  
  104  16:01  Marine  
  105  16:06  Marine  
  106  16:12  Marine  
  106  16:15  Supply Depot  
  106  16:17  Marine  
  104  16:22  Hellion  
  101  16:29  Siege Tank, Command Center  
  101  16:32  Marine  
  104  16:37  Marine  
  106  16:42  Marine  
  100  16:47  Marine  
  100  16:52  Marine  
  100  16:57  Marine  
  100  16:58  Raven  
  101  17:03  Siege Tank, Raven  
  104  17:08  Siege Tank  
  110  17:55  Refinery  
  110  17:56  Missile Turret  
  110  17:57  Missile Turret  
  110  17:58  Refinery  
Show
View Real Time Build Order
Export as new Build Order

stalker Terran 

Build Orders:  

Get SALT Encoding   

  12  0:01  SCV  
  13  0:18  SCV  
  13  0:20  Supply Depot  
  14  0:30  SCV  
  15  0:43  Barracks  
  15  0:46  SCV  
  16  1:12  SCV  
  17  1:31  Orbital Command  
  17  1:36  Supply Depot  
  17  1:40  Marine  
  18  1:58  Marine  
  18  2:29  SCV  
  19  2:39  Barracks  
  19  2:41  SCV  
  20  2:53  SCV  
  21  3:05  SCV  
  22  3:17  Marine  
  22  3:18  SCV  
  24  3:35  Marine  
  25  3:45  Command Center  
  25  3:50  Barracks  
  25  4:04  Supply Depot  
  25  4:07  Marine x2  
  27  4:25  Marine x2  
  27  4:27  Supply Depot  
  29  4:42  Marine  
  29  4:43  Marine  
  31  5:21  Barracks  
  31  5:26  Orbital Command  
  31  5:50  Marine x2  
  31  5:51  Marine  
  34  5:59  SCV x2  
  36  6:08  Marine x3  
  36  6:09  Barracks  
  39  6:11  SCV x2  
  41  6:26  Marine x3  
  44  6:41  Marine  
  44  6:43  Marine  
  44  6:44  Marine x2  
  48  6:57  Barracks  
  48  6:58  Marine  
  35  7:23  Marine  
  35  7:24  Marine x4  
  37  7:36  SCV  
  37  7:41  Marine x2  
  37  7:42  Marine x3  
  40  7:48  SCV  
  41  7:55  Supply Depot  
  41  7:59  Marine x4  
  41  8:00  Marine, SCV  
  47  8:08  Marine  
  47  8:12  SCV  
  49  8:17  Marine x5  
  49  8:18  Supply Depot  
  54  8:24  SCV  
  54  8:26  Marine  
  56  8:35  Marine x5  
  61  8:42  Supply Depot  
  61  8:44  Marine  
  62  8:53  Marine x5  
  67  9:02  Marine  
  68  9:10  Marine  
  69  9:30  Supply Depot  
  69  9:39  Marine x6  
  75  9:53  Supply Depot  
  75  9:56  Marine  
  75  9:57  Marine x5  
  81  10:12  Bunker  
  81  10:14  Marine x2  
  81  10:15  Marine x4  
  87  10:29  Bunker  
  87  10:32  Marine x3  
  87  10:33  Marine x3  
  93  10:42  Bunker  
  93  10:50  Marine x2  
  95  11:00  Bunker, Marine x4  
  95  11:02  Supply Depot  
  99  11:08  Marine x2  
  101  11:12  Bunker  
  101  11:18  Marine x4  
  105  11:25  Marine  
  105  11:26  Marine  
  105  11:30  Bunker  
  104  11:36  Marine x4  
  100  11:43  Marine x2  
  97  11:48  Bunker  
  97  11:54  Marine x4  
  93  11:59  Bunker  
  86  12:01  Marine x2  
  88  12:11  Marine  
  88  12:12  Marine x3  
  92  12:17  Bunker  
  92  12:19  Marine x2  
  94  12:29  Marine x4  
  98  12:37  Marine x2  
  100  12:46  Bunker  
  100  12:47  Marine x4  
  104  12:55  Marine x2  
  106  13:01  Bunker  
  106  13:05  Marine x2  
  108  13:13  Marine x4  
  108  13:15  Command Center  
  108  13:16  Bunker  
  112  13:23  Marine x2  
  114  13:30  Marine  
  114  13:31  Marine x3  
  114  13:34  Bunker  
  118  13:40  Marine  
  118  13:41  Marine  
  120  13:48  Bunker, Marine x3  
  120  13:49  Marine  
  124  13:58  Marine x2  
  126  14:04  Bunker  
  126  14:09  Bunker  
  126  14:19  Supply Depot  
  126  14:25  Marine x5  
  126  14:29  Marine  
  132  14:35  Bunker  
  132  14:38  Bunker  
  132  14:42  Supply Depot  
  132  14:43  Marine x5  
  137  14:47  Marine  
  138  15:00  Marine x5  
  138  15:05  Marine  
  138  15:06  Supply Depot  
  144  15:08  Bunker  
  144  15:18  Bunker, Marine x5  
  135  15:23  Marine  
  112  15:30  Supply Depot  
  105  15:36  Marine x5  
  105  15:39  Bunker  
  105  15:40  Marine  
  111  15:49  Bunker  
  111  15:54  Marine x5, Supply Depot  
  116  15:58  Marine  
  117  16:12  Marine x5  
  117  16:16  Marine  
  119  16:19  Bunker  
  109  16:29  Marine x5  
  102  16:34  Marine  
  99  16:47  Marine x5  
  99  16:52  Marine  
  98  17:05  Marine x5  
  96  17:10  Marine  
  90  17:23  Marine x5  
  90  17:27  Marine  
  90  17:41  Marine x5  
Tags
 
Add a new tag
Caveats
  • Supply blocks, unpowered buildings, or Contaminate may cause inaccurate times.
  • Supply counts are checked every 10 seconds.